 Seeded DCSS version 0.32-a0-350-g4f4d228785 (webtiles) character file.

Game seed: 1119197223425503527 (custom seed)

157549 Sobieck the Acrobat (level 17, 0/101 HPs)
             Began as a Deep Elf Hunter on Feb 17, 2024.
             Was the Champion of Hepliaklqana.
             Slain by a tarantella (1 damage)
             ... on level 3 of the Spider Nest.
             The game lasted 00:37:38 (22054 turns).

Sobieck the Acrobat (Deep Elf Hunter)              Turns: 22054, Time: 00:37:38

Health: 0/101      AC: 14    Str:  8    XL:     17   Next: 12%
Magic:  0/25       EV: 34    Int: 17    God:    Hepliaklqana [******]
Gold:   4909       SH:  0    Dex: 24    Spells: 16/16 levels left

rFire   . . .        a - +6 arbalest "Damnation" {damnation}
rCold   . . .        (shield currently unavailable)
rNeg    . . .        Y - +0 troll leather armour
rPois   .            b - +1 helmet {SInv}
rElec   +            K - +2 cloak
rCorr   +            S - +1 pair of gloves
SInv    +            t - +2 pair of boots
Will    +....        W - amulet of the Republic {Spirit Fly}
Stlth   +            y - +4 ring of slaying
HPRegen 1.16/turn    w - ring of Kemaulinor {rElec rCorr}
MPRegen 0.19/turn

%: guardian spirit
@: confused, flying, slowed, studying Armour, very slow
A: reduced essence
a: Renounce Religion, Recall Ancestor, Ancestor Identity, Transference, Idealise


You were on level 3 of the Spider Nest.
You worshipped Hepliaklqana.
Hepliaklqana was exalted by your worship.
You visited 5 branches of the dungeon, and saw 27 of its levels.
You visited 1 bazaar.
You also visited: Bailey and Ice Cave.

You collected 6491 gold pieces.
You spent 1582 gold pieces at shops.

Inventory:

Hand Weapons
 a - the +6 arbalest "Damnation" (weapon) {damnation}
   (You bought it in a shop on level 2 of the Dungeon)
Armour
 b - a +1 helmet of see invisible (worn)
 t - a +2 pair of boots (worn)
 K - a +2 cloak (worn)
 S - a +1 pair of gloves (worn)
 Y - a +0 troll leather armour (worn)
 Z - the +3 leather armour of Tenacity {Rampage}
   (You found it on level 3 of the Spider Nest)

   Rampage:   It bestows one free step when moving towards enemies.
Jewellery
 c - a ring of protection from cold
 m - a ring of willpower
 o - a ring of poison resistance
 p - a ring of fire
 s - a ring of wizardry
 w - the ring of Kemaulinor (right hand) {rElec rCorr}
   (You found it on level 7 of the Dungeon)

   [ring of resist corrosion]

   rElec:     It insulates you from electricity.
   rCorr:     It protects you from acid and corrosion.
 y - a +4 ring of slaying (left hand)
 W - the amulet of the Republic (around neck) {Spirit Fly}
   (You found it in an ice cave)

   [amulet of guardian spirit]

   Spirit:    It causes incoming damage to be divided between your reserves of
   health and magic.
   Fly:       It grants you flight.
Wands
 A - a wand of mindburst (9)
 C - a wand of polymorph (5)
 D - a wand of quicksilver (23)
 I - a wand of iceblast (15)
 P - a wand of paralysis (26)
 V - a wand of flame (37)
Scrolls
 e - a scroll of summoning
 h - 2 scrolls of fog
 k - 2 scrolls of fear
 q - a scroll of blinking
 u - 3 scrolls of torment
 v - 4 scrolls of immolation
 x - 4 scrolls of enchant weapon
 z - 4 scrolls of noise
 B - 3 scrolls of revelation
 F - a scroll of amnesia
 G - 2 scrolls of brand weapon
 J - a scroll of silence {!r}
 N - 2 scrolls of poison
 R - 11 scrolls of identify
 T - 4 scrolls of teleportation
Potions
 d - 5 potions of lignification
 f - 4 potions of enlightenment
 g - 3 potions of mutation
 i - 7 potions of attraction
 j - 9 potions of ambrosia
 l - 5 potions of heal wounds
 n - 5 potions of might
 r - 2 potions of brilliance
 E - a potion of cancellation
 H - 5 potions of haste
 L - a potion of berserk rage
 M - a potion of magic
 Q - 18 potions of curing
Miscellaneous
 O - a condenser vane
 U - a phial of floods
 X - a box of beasts


   Skills:
 + Level 15.1 Fighting
 - Level 18.0 Ranged Weapons
 - Level 5.0 Armour
 - Level 26.0 Dodging
 - Level 1.2 Stealth
 - Level 8.0 Invocations


You had 16 spell levels left.
You didn't know any spells.
Your spell library contained the following spells:

 Spells                   Type           Power      Damage    Failure   Level
 Sandblast                Erth           0%         2d4       32%         1
 Ensorcelled Hibernation  Hex/Ice        0%         N/A       43%         2
 Jinxbite                 Hex            0%         N/A       43%         2
 Lesser Beckoning         Tloc           0%         N/A       43%         2
 Call Canine Familiar     Summ           0%         N/A       67%         3
 Dazzling Flash           Conj/Hex       0%         N/A       67%         3
 Gell's Gravitas          Tloc           0%         N/A       67%         3
 Hailstorm                Conj/Ice       0%         3d5       67%         3
 Inner Flame              Hex/Fire       0%         N/A       67%         3
 Mephitic Cloud           Conj/Alch/Air  0%         N/A       67%         3
 Passwall                 Erth           0%         N/A       67%         3
 Sigil of Binding         Hex            0%         N/A       67%         3
 Stone Arrow              Conj/Erth      0%         3d7       67%         3
 Summon Ice Beast         Ice/Summ       0%         N/A       67%         3
 Swiftness                Air            0%         N/A       67%         3
 Teleport Other           Tloc           0%         N/A       67%         3
 Tukima's Dance           Hex            0%         N/A       67%         3
 Animate Armour           Summ/Erth      0%         N/A       97%         4
 Brom's Barrelling Bould  Conj/Erth      0%         2d3       97%         4
 Dimensional Bullseye     Hex/Tloc       0%         N/A       97%         4
 Ignite Poison            Fire/Alch      0%         N/A       97%         4
 Iskenderun's Mystic Bla  Conj/Tloc      0%         2d3       97%         4
 Manifold Assault         Tloc           0%         N/A       97%         4
 Sticky Flame             Fire/Alch      0%         2d4       97%         4
 Vhi's Electric Charge    Tloc/Air       0%         N/A       97%         4
 Arcjolt                  Conj/Air       0%         1d10      100%        5
 Curse of Agony           Necr           0%         N/A       100%        5
 Irradiate                Conj/Alch      0%         3d11      100%        5
 Iskenderun's Battlesphe  Conj           0%         2d6       100%        5
 Silence                  Hex/Air        0%         N/A       100%        5
 Yara's Violent Unravell  Hex/Alch       0%         3d3       100%        5
 Bombard                  Conj/Erth      0%         9d1       100%        6
 Dispersal                Tloc           0%         N/A       100%        6
 Sculpt Simulacrum        Ice/Alch       0%         N/A       100%        6
 Enfeeble                 Hex            0%         N/A       100%        7
 Spellforged Servitor     Conj/Summ      0%         N/A       100%        7
 Disjunction              Tloc           0%         N/A       100%        8
 Ignition                 Fire           0%         3d3       100%        8
 Lehudib's Crystal Spear  Conj/Erth      0%         10d2      100%        8
 Maxwell's Capacitive Co  Air            0%         ∞         100%        8


Dungeon Overview and Level Annotations

Branches:
Dungeon (15/15)            Temple (1/1) D:5            Lair (5/5) D:8
  Swamp (0/4) Lair:3       Spider (4/4) Lair:3        Slime (0/5) Lair:5
    Orc (2/2) D:10            Elf (0/3) Orc:2        Vaults (0/5) D:14
 Depths (0/4) D:15         Bailey (visited)           IceCv (visited)

Altars:
Ashenzari
Cheibriados
Dithmenos
Fedhas
Gozag
Hepliaklqana
Kikubaaqudgha
Makhleb
Nemelex Xobeh
Okawaru
Qazlal
Ru
Sif Muna
Trog
Uskayaw
Vehumet
Wu Jian
Xom
Yredelemnul
Zin
The Shining One
Beogh
Jiyva

Shops:
D:2 (   D:13 *   Orc:2 ?!?!*

Portals:
Hell: Lair:5

Annotations:
D:15 3 runed translucent doors
Spider:4 Mara


Message History

The demonic crawler completely misses you.
The demonic crawler hits you!
* * * LOW HITPOINT WARNING * * *
The demonic crawler completely misses you. x2
The tarantella completely misses you.
The torpor snail bites you but does no damage.
Unknown command.
You clumsily bash the radroach but do no damage.
The radroach is moderately wounded.
You feel very sick.
You are no longer poisoned.
The culicivora misses you. x2; The tarantella touches you.
* * * LOW HITPOINT WARNING * * *
The demonic crawler closely misses you. The demonic crawler misses you.
The demonic crawler completely misses you.
The demonic crawler closely misses you. The demonic crawler hits you!
* * * LOW HITPOINT WARNING * * *
The demonic crawler barely misses you. The culicivora completely misses you.
The culicivora closely misses you. The radroach closely misses you.
The radroach misses you. The tarantella completely misses you.
The demonic crawler closely misses you.
The demonic crawler completely misses you.
The demonic crawler barely misses you. The demonic crawler misses you.
The demonic crawler completely misses you. x2
The culicivora closely misses you. The radroach completely misses you.
The radroach claws you!
* * * LOW HITPOINT WARNING * * *
The culicivora closely misses you.
The tarantella touches you but does no damage.
The torpor snail misses you.
The demonic crawler completely misses you. x2
The demonic crawler hits you but does no damage.
The demonic crawler misses you.
The demonic crawler hits you but does no damage.
The demonic crawler completely misses you.
The culicivora misses you. The radroach completely misses you. x2
The culicivora completely misses you.
Unknown command.
You completely miss the demonic crawler.
The tarantella completely misses you. The culicivora misses you.
The demonic crawler closely misses you.
The demonic crawler completely misses you. x3
The demonic crawler hits you but does no damage.
The demonic crawler completely misses you.
The culicivora bites you!
* * * LOW HITPOINT WARNING * * *
The culicivora draws strength from your injuries!
The tarantella touches you.
You die...
Hepliaklqana delivers you to your ancestors.

#.#....<.=# #
##.##......#
#.###......# #.#
#......# #.# #......####
#.# #.........#### ##.#
#......[..>..##
######.##
#....sss......# #.(..#.#
#....w@s......##
#....#.#
#....sB........#
#...##.#
#.......)......#
....#..#
##...[..........##
...##..#
#................#
..###.##
#................## ###
.####.#
#.................# #R#
...^#.#
#.........##.....^# ###.
##....#
#..........####...###..#


You could see a radroach, a torpor snail, 2 demonic crawlers, 2 culicivoras and
a tarantella.

Vanquished Creatures
  Arachne (Spider:2)
  Asterion (Spider:3)
  Kirke (D:14)
  Roxanne (D:15)
  2 ghost moths (Spider:1)
  3 broodmothers
  Azrael (Orc:2)
  2 entropy weavers
  A vault guard (D:14)
  A hell beast (Lair:5)
  13 hydras
  2 catoblepae
  A death knight (D:14)
  An ogre mage (D:14)
  A radroach (Spider:3)
  6 centaur warriors
  5 boulder beetles
  6 two-headed ogres
  8 death yaks
  3 tengu warriors
  7 demonic crawlers
  Urug (Lair:4)
  An occultist (Lair:5)
  Sonja (Lair:2)
  3 skysharks
  3 skeletal warriors (D:15)
  2 pharaoh ants
  An arcanist (D:14)
  4 orb spiders (Spider:1)
  3 steelbarb worms
  4 deep elf pyromancers
  11 ugly things
  9 wolf spiders
  5 cyclopes
  5 orc knights
  3 orc sorcerers
  Maurice (D:12)
  An ice statue (IceCv)
  5 manticores
  5 elephants (Lair:2)
  2 moths of wrath
  4 torpor snails
  2 black mambas (shapeshifter)
  4 gargoyles
  4 black mambas
  7 kobold blastminers
  2 orange demons (Lair:5)
  7 rime drakes
  16 cane toads
  An unseen horror (D:12)
  Jeremiah (D:6)
  An efreet (D:12)
  2 kobold demonologists (D:12)
  10 komodo dragons
  A freezing wraith (D:14)
  An ice devil (Lair:5)
  2 red devils (Lair:5)
  A queen bee (Lair:1)
  15 trolls
  A hornet (D:10)
  16 tarantellas
  A polar bear (shapeshifter) (D:10)
  12 blink frogs
  A slime creature (D:12)
  5 dream sheep
  7 spriggans (D:10)
  10 culicivoras
  14 jumping spiders
  A shadow (D:12)
  3 wraiths
  2 wyverns
  3 vampires
  42 yaks
  6 fire elementals
  3 wargs
  2 hogs (D:14)
  A steam dragon (Lair:3)
  7 basilisks
  26 redbacks
  A death yak simulacrum (IceCv)
  8 vampire mosquitoes
  A redback simulacrum (D:14)
  3 acid dragons
  Menkaure (D:5)
  5 hell hounds
  15 water moccasins
  A sky beast (D:8)
  43 orc warriors
  An ice beast (D:8)
  2 laughing skulls (D:13)
  11 ogres
  3 black bears
  9 wolves
  4 boggarts (D:12)
  22 centaurs
  3 phantoms
  15 bullfrogs
  5 kobold brigands
  7 gnoll sergeants
  4 scorpions
  32 killer bees
  8 howler monkeys
  An elephant simulacrum (IceCv)
  A lava snake (D:14)
  A hound (D:4)
  2 jellies
  A gnoll bouda (D:5)
  8 orc priests
  7 iguanas
  17 orc wizards
  A sleepcap (D:5)
  2 hell rats (Lair:5)
  A wolf simulacrum (IceCv)
  29 gnolls
  4 adders
  A shadow imp (D:5)
  A white imp (D:6)
  2 ufetubi (D:5)
  2 dart slugs
  2 ribbon worms
  88 orcs
  9 bats
  An endoplasm (D:4)
  4 giant cockroaches
  8 hobgoblins
  2 quokkas (D:1)
  15 ball pythons
  3 frilled lizards
  7 goblins
  22 kobolds
  5 rats
  A spectral weapon (Spider:3)
833 creatures vanquished.

Vanquished Creatures (collateral kills)
  A stone giant (D:15)
  A broodmother (Spider:3)
  A spark wasp (Spider:2)
  An entropy weaver (Spider:1)
  2 boulder beetles
  4 death yaks
  A demonic crawler (Spider:2)
  A pharaoh ant (Spider:3)
  An orc knight (Orc:2)
  A wolf spider (Spider:2)
  An elephant (Lair:2)
  A moth of wrath (Spider:3)
  An ice statue (IceCv)
  A torpor snail (Spider:2)
  A smoke demon (Lair:5)
  A kobold demonologist (D:10)
  A rime drake (Orc:1)
  An ice devil (Lair:5)
  3 dream sheep (Lair:3)
  2 tarantellas (Spider:2)
  2 blink frogs
  2 jumping spiders
  3 culicivoras
  A vampire (D:12)
  A spriggan (D:10)
  A wraith (D:12)
  2 yaks
  2 basilisks
  2 redbacks (Spider:3)
  A steam dragon (D:8)
  2 vampire mosquitoes
  A water moccasin (Lair:5)
  2 hell hounds (Lair:5)
  2 killer bees (Lair:1)
  An elephant simulacrum (IceCv)
  A gnoll (D:8)
  2 orcs (Orc:2)
  2 kobolds (D:8)
57 creatures vanquished.

Vanquished Creatures (others)
  5 knights
  An ancestor (Bailey)
6 creatures vanquished.

Grand Total: 896 creatures vanquished

Notes
Turn   | Place    | Note
-------+----------+-------------------------------------------
     0 | D:1      | Sobieck the Deep Elf Hunter began the quest for the Orb.
     0 | D:1      | Reached XP level 1. HP: 12/12 MP: 3/3
    67 | D:1      | Reached XP level 2. HP: 17/17 MP: 4/4
   220 | D:1      | Reached skill level 6 in Ranged Weapons
   220 | D:1      | Reached skill level 3 in Dodging
   224 | D:1      | Reached XP level 3. HP: 21/21 MP: 5/5
  1121 | D:2      | Found a faded altar of an unknown god.
  1132 | D:2      | Reached XP level 4. HP: 21/26 MP: 6/6
  1293 | D:2      | Found Ziry Ovo's Weapon Boutique.
  1298 | D:2      | Found a bloodstained altar of Trog.
  2118 | D:3      | Reached XP level 5. HP: 31/31 MP: 7/7
  2437 | D:4      | Reached skill level 4 in Dodging
  2490 | D:4      | Noticed a phantom
  2501 | D:4      | Killed a phantom
  2644 | D:4      | Reached XP level 6. HP: 36/36 MP: 8/8
  2689 | D:4      | HP: 1/36 [orc/+0 war axe (5)]
  2690 | D:4      | Reached skill level 6 in Fighting
  2690 | D:4      | Reached skill level 8 in Dodging
  2690 | D:4      | Reached XP level 7. HP: 1/46 MP: 9/9
  3111 | D:5      | Entered Level 5 of the Dungeon
  3412 | D:5      | Reached skill level 9 in Dodging
  3421 | D:5      | Reached XP level 8. HP: 51/51 MP: 10/10
  3476 | D:5      | Identified a scroll of acquirement
  3476 | D:5      | Acquired 1253 gold pieces
  3530 | D:2      | Bought the +6 arbalest "Damnation" {damnation} for 880 gold
                  | pieces
  3530 | D:2      | Found the +6 arbalest "Damnation" {damnation}
  3703 | D:5      | Found a staircase to the Ecumenical Temple.
  3737 | Temple   | Entered the Ecumenical Temple
  3776 | Temple   | Became a worshipper of Hepliaklqana the Forgotten
  4400 | D:5      | Noticed Menkaure
  4402 | D:5      | Killed Menkaure
  4546 | D:6      | Noticed Jeremiah
  4549 | D:6      | Killed Jeremiah
  4550 | D:6      | Reached XP level 9. HP: 40/56 MP: 11/11
  4860 | D:7      | Reached skill level 15 in Ranged Weapons
  4875 | D:7      | Identified the ring of Kemaulinor {rElec rCorr}
  4954 | D:7      | Reached * piety under Hepliaklqana
  5338 | D:8      | Reached skill level 10 in Dodging
  5529 | D:8      | Found a staircase to the Lair.
  5589 | D:8      | Identified the +5 sling "Unuof" {freeze, Int+3}
  5645 | D:8      | Found a flagged portal.
  5653 | Bailey   | Entered a bailey
  5668 | Bailey   | Reached XP level 10. HP: 56/56 MP: 12/12
  6083 | Bailey   | Identified the +9 executioner's axe of Pojah {pain, ^Drain
                  | rN+ rCorr Int+7}
  6136 | Bailey   | Reached skill level 18 in Ranged Weapons
  6136 | Bailey   | Reached skill level 11 in Dodging
  6136 | Bailey   | Reached XP level 11. HP: 61/61 MP: 16/16
  6260 | D:8      | Reached ** piety under Hepliaklqana
  6261 | D:8      | Remembered your ancestor Ryefef as a knight
  6689 | D:9      | Noticed a two-headed ogre
  6696 | D:9      | Killed a two-headed ogre
  6865 | D:9      | Noticed a cyan ugly thing
  6869 | D:9      | Killed a cyan ugly thing
  7081 | D:10     | Entered Level 10 of the Dungeon
  7098 | D:10     | Found a staircase to the Orcish Mines.
  7214 | D:10     | Reached skill level 12 in Dodging
  7328 | D:10     | Reached skill level 6 in Invocations
  7338 | D:10     | Reached XP level 12. HP: 65/67 MP: 18/18
  7383 | D:10     | Reached skill level 13 in Dodging
  7455 | D:10     | Reached *** piety under Hepliaklqana
  7799 | D:10     | Found a roughly hewn altar of Beogh.
  7803 | D:10     | Reached skill level 9 in Fighting
  7890 | D:11     | Noticed a two-headed ogre
  7892 | D:11     | Killed a two-headed ogre
  8231 | D:11     | Reached skill level 14 in Dodging
  8561 | D:12     | Noticed Maurice
  8567 | D:12     | Killed Maurice
  8706 | D:12     | Noticed a two-headed ogre
  8717 | D:12     | Killed a two-headed ogre
  8720 | D:12     | Reached skill level 15 in Dodging
  8855 | D:12     | Noticed a two-headed ogre
  8857 | D:12     | Killed a two-headed ogre
  8873 | D:12     | Noticed a tengu warrior
  8876 | D:12     | Killed a tengu warrior
  8885 | D:12     | Noticed a two-headed ogre
  8889 | D:12     | Reached XP level 13. HP: 74/74 MP: 21/21
  9773 | D:13     | Reached skill level 12 in Fighting
  9912 | D:13     | Found a flickering gateway to a bazaar.
  9945 | Bazaar   | Entered a bazaar
  9945 | Bazaar   | Found Godeschi's Antique Armour Shop.
  9957 | Bazaar   | Found Biagh's Distillery.
  9983 | Bazaar   | Found Noyntig's Antique Weapon Shop.
 10005 | Bazaar   | Bought a runed helmet for 270 gold pieces
 10029 | Bazaar   | Bought a potion of haste for 160 gold pieces
 10029 | Bazaar   | Bought 2 potions of curing for 96 gold pieces
 10029 | Bazaar   | Bought a potion of curing for 48 gold pieces
 10029 | Bazaar   | Bought a potion of mutation for 128 gold pieces
 10085 | D:13     | Found Giopsoq's Assorted Antiques.
 10095 | D:13     | Reached **** piety under Hepliaklqana
 10162 | D:13     | Reached skill level 1 in Armour
 10192 | D:13     | Found an ancient bone altar of Kikubaaqudgha.
 10618 | D:14     | Noticed Kirke
 10624 | D:14     | Reached skill level 3 in Armour
 10626 | D:14     | Killed Kirke
 10631 | D:14     | Reached skill level 16 in Dodging
 10858 | D:14     | Found an iron altar of Okawaru.
 11149 | D:14     | Reached skill level 17 in Dodging
 11157 | D:14     | Reached skill level 18 in Dodging
 11164 | D:14     | Reached XP level 14. HP: 82/82 MP: 22/22
 11176 | D:14     | Found a gate to the Vaults.
 11275 | D:15     | Entered Level 15 of the Dungeon
 11330 | D:15     | Acquired 1100 gold pieces
 11368 | D:15     | Reached skill level 19 in Dodging
 11406 | D:15     | Reached ***** piety under Hepliaklqana
 11446 | D:15     | Found a runed translucent gate.
 11446 | D:15     | Found a runed translucent gate.
 11446 | D:15     | Found a runed translucent gate.
 11463 | D:15     | Noticed Roxanne
 11589 | D:15     | Killed Roxanne
 11795 | D:15     | Reached skill level 20 in Dodging
 11939 | D:15     | Noticed a stone giant
 11943 | D:15     | Killed a stone giant
 11967 | D:15     | Found a staircase to the Depths.
 12519 | Lair:1   | Entered Level 1 of the Lair of Beasts
 13283 | Lair:2   | Reached skill level 21 in Dodging
 13397 | Lair:2   | Noticed Sonja
 13402 | Lair:2   | Killed Sonja
 14253 | Lair:3   | Reached XP level 15. HP: 83/88 MP: 23/23
 14634 | Lair:3   | Found a hole to the Spider Nest.
 14773 | Lair:3   | Found a staircase to the Swamp.
 15194 | Lair:3   | Reached skill level 22 in Dodging
 15665 | Lair:4   | Noticed Urug
 15668 | Lair:4   | Killed Urug
 16430 | Lair:5   | Entered Level 5 of the Lair of Beasts
 16472 | Lair:5   | Reached skill level 23 in Dodging
 16858 | Lair:5   | Found a staircase to the Slime Pits.
 16865 | Lair:5   | Reached ****** piety under Hepliaklqana
 16872 | Lair:5   | Found a viscous altar of Jiyva.
 17231 | Lair:5   | Found a burning altar of Makhleb.
 17250 | Lair:5   | Found a gateway to Hell.
 17257 | Lair:5   | Identified the +5 whip of Jogaos {speed, rPois rC+ Dex+6}
 17702 | Orc:1    | Entered Level 1 of the Orcish Mines
 17965 | Orc:2    | Entered Level 2 of the Orcish Mines
 17982 | Orc:2    | Noticed Azrael
 18046 | Orc:2    | Found a transporter.
 18064 | Orc:2    | Found Toeqeul's Magic Scroll Emporium.
 18086 | Orc:2    | Killed Azrael
 18092 | Orc:2    | Reached XP level 16. HP: 85/95 MP: 24/24
 18218 | Orc:1    | Found a frozen archway.
 18224 | IceCv    | Entered an ice cave
 18234 | IceCv    | Found a transporter.
 18240 | IceCv    | Found a transporter.
 18282 | IceCv    | Identified the amulet of the Republic {Spirit Fly}
 18340 | Orc:2    | Reached skill level 24 in Dodging
 18481 | Orc:2    | Found Lotasi's Magic Scroll Emporium.
 18481 | Orc:2    | Found Muc Hodd's Distillery.
 18481 | Orc:2    | Found Okapyep's Assorted Antiques.
 18484 | Orc:2    | Found Jeinok's Distillery.
 18515 | Orc:2    | Found a transporter.
 18638 | Orc:2    | Found a staircase to the Elven Halls.
 19097 | Spider:1 | Entered Level 1 of the Spider Nest
 19230 | Spider:1 | You are sucked into a shaft and drop 1 floor!
 19467 | Spider:1 | Reached skill level 25 in Dodging
 19824 | Spider:1 | Identified the orb "Pac Guas" {guile, ^Contam rC+ Ice}
 20326 | Spider:2 | Acquired 1032 gold pieces
 20414 | Spider:2 | Noticed Arachne
 20423 | Spider:2 | Killed Arachne
 20582 | Spider:2 | Reached skill level 15 in Fighting
 21217 | Spider:3 | Identified the +3 leather armour of Tenacity {Rampage}
 21239 | Spider:3 | Identified the +0 robe "Gaupao" {*Corrode Will+ Dex+4}
 21438 | Spider:3 | Reached XP level 17. HP: 101/101 MP: 25/25
 21631 | Spider:3 | Noticed Asterion
 21638 | Spider:3 | Killed Asterion
 22038 | Spider:4 | Entered Level 4 of the Spider Nest
 22040 | Spider:4 | Reached skill level 26 in Dodging
 22044 | Spider:4 | Noticed Mara
 22054 | Spider:3 | HP: 1/101 [culicivora (9)]
 22054 | Spider:3 | Slain by a tarantella

Illustrated notes

Levels and vault maps discovered:
D:1:      sevenhm_arrival_forest_fort_large_4, layout_rooms, serial_forest,
          infiniplex_forest_corner_1, infiniplex_forest_straight_2,
          infiniplex_forest_clump_double, infiniplex_forest_corner_2,
          infiniplex_forest_split, infiniplex_forest_pool,
          infiniplex_forest_clump_medium, infiniplex_forest_split,
          infiniplex_forest_clump_long, minmay_misc_feat_rugged, fountainhead
D:2:      layout_basic, serial_shops, shop, nicolae_ecumenical_lake_church,
          basic_altar
D:3:      layout_loops_ring
D:4:      layout_cave_pools
D:5:      layout_basic, minmay_temple_entry_poolview, minmay_misc_feat_x,
          grunt_ministairs_12, uniq_menkaure
D:6:      layout_rooms, uniq_jeremiah
D:7:      wad_lake_hut, layout_gridville,
          chequers_temple_overflow_statue_of_worship, corner_web_ring,
          bh_walls_and_bars
D:8:      layout_rooms, lair_entry_dummy, enter_bailey_2, serial_park_tiny_pond
D:9:      layout_basic
D:10:     kb_forest_paths, layout_irregular_city, minmay_orc_entry_temple_small
D:11:     layout_long_grid
D:12:     minmay_quarter_circles, layout_layer_cave, uniq_maurice
D:13:     layout_roguey, serial_shops, bzr_entry_gold,
          nicolae_shop_hallway_stairs, kiku_gazebo_pond_becter
D:14:     kennysheep_cluttered_fort, layout_long_grid, david_vaults_5,
          okawaru_gym_becter, uniq_kirke
D:15:     grunt_enter_depths_snipers, layout_loops_ring,
          ploomutoo_gammafunk_ghost_potion_laboratory,
          minmay_misc_feat_ornament, uniq_roxanne
Temple:   mainiacjoe_temple_big_plus
Lair:1:   beast_lair_carwin_large_3, layout_hall_layers, special_room
          [special_room_bee]
Lair:2:   layout_small_grid, minivault_11, uniq_sonja
Lair:3:   nzn_winding_woodlands_small [nzn_winding_woodlands_5x15_sawtooth,
          nzn_winding_woodlands_center_lodge, nzn_winding_woodlands_5x15_pool],
          layout_cave_pods, swamp_mist, dummy_spider_entry, st_stairs_7,
          beast_lair_carwin_11, grunt_megastairs_2, serial_bayou_shore_a
Lair:4:   layout_cave_pods, gauntlet_entry_generic, uniq_urug
Lair:5:   evil_forest, layout_misc_corridors, slime_entry_1, grunt_megastairs_4
Spider:1: layout_cave_pods, nicolae_spider_webs_and_nodes,
          nicolae_spider_orb_run
Spider:2: layout_spider_delve, uniq_arachne
Spider:3: layout_cave_pods, uniq_asterion
Spider:4: floodkiller_spider_rune_tomb, guppyfry_hornet_nest, uniq_mara
Orc:1:    layout_caves, portal_ice_cave_rime
Orc:2:    st_orc_rangers, layout_caves, serial_shops, nicolae_shop_drivethru,
          uniq_azrael

Skill      XL: |  1  2  3  4  5  6  7  8  9 10 11 12 13 14 15 16 17 |
---------------+----------------------------------------------------+-----
Ranged Weapons | 6 7 13 14 16 18 | 18.0
Dodging        | 3 4 8 9 10 11 12 15 18 21 23 25 26 | 26.0
Fighting       | 2 6 7 8 10 12 13 14 15 | 15.1
Invocations    | 4 6 8 |  8.0
Armour         | 5 |  5.0
Stealth        | |  1.2

Action                     |  1- 3 |  4- 6 |  7- 9 | 10-12 | 13-15 | 16-18 || total
---------------------------+-------+-------+-------+-------+-------+-------++-------
  Melee: Shortbow          |       |     6 |       |       |       |       ||     6
         Arbalest          |       |       |       |       |       |     3 ||     3
   Fire: Shortbow          |   109 |   121 |    76 |       |       |       ||   306
         Arbalest          |       |       |   133 |   242 |   550 |   343 ||  1268
 Invoke: Ancestor Identity |       |       |       |     1 |       |       ||     1
         Ancestor Life: Kn |       |       |       |     1 |       |       ||     1
         Idealise          |       |       |       |       |     1 |     1 ||     2
         Recall Ancestor   |       |       |       |       |       |     1 ||     1
    Use: Scroll            |       |     4 |     8 |     8 |    10 |     2 ||    32
         Potion            |       |     6 |       |     1 |       |       ||     7
 Armour: Leather armour    |    29 |    37 |    37 |     5 |    85 |       ||   193
         Troll leather arm |       |       |       |       |     6 |    64 ||    70
  Dodge: Dodged            |    41 |    47 |    67 |    23 |   251 |   289 ||   718

Table legend: (Time is in decaauts)
 A = Elapsed time spent in this place.
 B = Non-inter-level travel time spent in this place.
 C = Inter-level travel time spent in this place.
 D = Time resting spent in this place.
 E = Time spent auto-exploring this place.
 F = Levels seen in this place.
 G = Mean time per level.
                   A        B        C        D        E       F      G
               +--------+--------+--------+--------+--------+-----+--------+
         Total |  22239 |  20793 |   1446 |   1787 |  15438 |  30 |  741.3 |
       Dungeon |  12005 |  11116 |    889 |    903 |   8307 |  15 |  800.3 |
        Temple |     77 |      4 |     73 |      0 |      0 |   1 |   77.0 |
          Lair |   5252 |   4941 |    311 |    574 |   3756 |   5 | 1050.4 |
   Spider Nest |   2986 |   2886 |    100 |    138 |   2352 |   4 |  746.5 |
  Orcish Mines |   1162 |   1091 |     71 |     37 |    797 |   2 |  581.0 |
        Bazaar |     97 |     97 |      0 |      0 |     37 |   1 |   97.0 |
        Bailey |    576 |    576 |      0 |    135 |    188 |   1 |  576.0 |
      Ice Cave |     79 |     79 |      0 |      0 |      0 |   1 |   79.0 |
               +--------+--------+--------+--------+--------+-----+--------+

Top non-repeatable levels by time:
  Lair:3: 1485 daAuts
    D:12: 1279 daAuts
     D:5: 1126 daAuts
Spider:1: 1107 daAuts
Spider:3: 1071 daAuts
    D:15: 1045 daAuts
  Lair:4: 1029 daAuts
  Lair:2: 1011 daAuts
     D:3: 979 daAuts
     D:1: 958 daAuts
  Lair:5: 906 daAuts
    D:14: 897 daAuts
    D:10: 883 daAuts
  Lair:1: 819 daAuts
     D:8: 809 daAuts
